 Dungeon Crawl Stone Soup version 0.30-a0-605-gb2882149bf (webtiles) character file.

Game seed: 5160337377576630884

102 acebull12 the Grave Robber (level 4, 0/31 HPs)
             Began as a Demonspawn Necromancer on Jan 7, 2023.
             Slain by an ufetubus (2 damage)
             ... in a sewer.
             The game lasted 00:06:04 (2438 turns).

acebull12 the Grave Robber (Demonspawn Necromancer) Turns: 2438, Time: 00:06:04

Health: 0/31       AC:  2    Str:  8    XL:     4   Next: 49%
Magic:  9/9        EV: 14    Int: 19    God:
Gold:   123        SH:  5    Dex: 13    Spells: 9/10 levels left

rFire   . . .      SeeInvis .    i - +0 rapier
rCold   . . .      Faith    .    (no shield)
rNeg    . . .      Spirit   .    a - +0 robe
rPois   .          Reflect  +    (no helmet)
rElec   .          Harm     .    (no cloak)
rCorr   .          Rampage  .    (no gloves)
Will    .....                    (no boots)
Stlth   ++                       f - amulet of reflection
HPRegen 0.25/turn                (no ring)
MPRegen 0.11/turn                (no ring)

@: no status effects
A: repulsion field 1, ignite blood 1
a: no special abilities


You were in a sewer.
You visited 1 branch of the dungeon, and saw 3 of its levels.
You also visited: Sewer.

You collected 123 gold pieces.

Inventory:

Hand Weapons
 i - a +0 rapier (weapon)
Armour
 a - a +0 robe (worn)
 c - a +0 ring mail
Jewellery
 f - an amulet of reflection (around neck)
Scrolls
 d - 2 scrolls of identify {unknown}
 g - 2 scrolls of enchant weapon {unknown}
 h - 4 scrolls of teleportation {unknown}
 k - a scroll of poison {unknown}
 l - 2 scrolls of fog {unknown}
Potions
 b - a potion of magic
 e - a potion of mutation {unknown}
 j - a potion of attraction {unknown}
 m - 2 potions of cancellation {unknown}


   Skills:
 * Level 0.8 Fighting
 + Level 2.0 Dodging
 + Level 1.9 Stealth
 * Level 3.5 Spellcasting
 * Level 5.1 Necromancy


You had 9 spell levels left.
You knew the following spells:

 Your Spells              Type           Power      Damage    Failure   Level
a - Necrotise             Necr           88%        1d8       1%          1

Your spell library contained the following spells:

 Spells                   Type           Power      Damage    Failure   Level
 Vampiric Draining        Necr           22%        2d7       5%          3
 Animate Dead             Necr           22%        N/A       19%         4
 Agony                    Necr           22%        N/A       45%         5


Dungeon Overview and Level Annotations

Branches:
Dungeon (3/15)              Sewer (1/1)

Altars:

Shops:
D:2 ?


Innate Abilities, Weirdness & Mutations

You are surrounded by a mild repulsion field. (EV +2)
Your demonic aura sometimes causes spilled blood to erupt in flames.


Message History

The kobold shouts!
You hear a shout!
The kobold writhes in agony.
An ufetubus comes into view.
The kobold hits you with a +1 short sword of electrocution.
You are electrocuted!
The ufetubus moves out of view.
You are too injured to fight recklessly!
You miss the kobold.
The kobold is severely wounded.
The kobold hits you with a +1 short sword of electrocution.
You barely miss the kobold.
The kobold is severely wounded.
The kobold closely misses you.
You hit the kobold.
You kill the kobold!
The ufetubus barely misses you. The ufetubus hits you.
You are too injured to fight recklessly!
Casting: Necrotise (safe; 1% risk of failure)
Confirm with . or Enter, or press ? or * to list all spells.
You can't see any susceptible monsters within range! (Use Z to cast anyway.)
Casting: Necrotise (safe; 1% risk of failure)
Confirm with . or Enter, or press ? or * to list all spells.
You can't see any susceptible monsters within range! (Use Z to cast anyway.) Unknown command.
You closely miss the ufetubus. The ufetubus closely misses you.
You block the ufetubus's attack. The ufetubus hits you. x2
* * * LOW HITPOINT WARNING * * *
You hit the ufetubus.
The ufetubus is lightly wounded.
The ufetubus closely misses you. The ufetubus barely misses you.
The ufetubus closely misses you. The ufetubus misses you.
You closely miss the ufetubus.
The ufetubus is lightly wounded.
You block the ufetubus's attack. The ufetubus hits you.
* * * LOW HITPOINT WARNING * * *
You barely miss the ufetubus.
The ufetubus is lightly wounded.
The ufetubus closely misses you. The ufetubus hits you.
* * * LOW HITPOINT WARNING * * *
The ufetubus misses you. The ufetubus hits you.
You die...

#≈≈≈#≈≈≈≈≈~#...#≈≈≈≈≈
#~~≈#≈≈≈≈≈≈#...≈≈≈≈≈≈≈
#≈≈≈#≈≈≈≈≈≈≈...#≈≈≈≈≈≈
#≈≈≈#≈≈≈≈≈≈#...#≈≈≈≈≈≈
#≈≈≈#≈≈≈≈≈≈≈...≈≈≈≈≈≈≈#
≈≈≈≈≈≈≈...#~≈≈≈≈≈#
≈≈≈≈≈≈#...#≈≈≈≈≈≈#
≈≈≈≈≈≈#)..≈~≈≈≈≈≈#
≈≈≈≈≈≈#..@#≈≈≈≈≈≈#
≈≈≈≈≈≈≈..5#≈≈≈≈≈≈#
≈≈≈≈≈~#...#~≈≈≈≈≈#
≈≈≈≈~...≈...~~≈≈~#
≈≈..#≈≈≈#..≈~≈≈#
....#≈≈≈#......# ###
##≈#######)# .. .# ...
~#


You could see an ufetubus.

Vanquished Creatures
  An adder (D:2)
  4 gnolls (D:2)
  2 worms (D:2)
  A dart slug (D:1)
  6 bats
  5 endoplasms (D:1)
  2 giant cockroaches (D:1)
  4 goblins
  3 hobgoblins
  9 kobolds
  2 quokkas (D:1)
  3 ball pythons
  2 frilled lizards (D:1)
  2 rats (D:2)
46 creatures vanquished.

Vanquished Creatures (collateral kills)
  A giant cockroach (D:1)
1 creature vanquished.

Grand Total: 47 creatures vanquished

Notes
Turn   | Place    | Note
-------+----------+-------------------------------------------
     0 | D:1      | acebull12 the Demonspawn Necromancer began the quest for
                  | the Orb.
     0 | D:1      | Reached XP level 1. HP: 13/13 MP: 3/3
   316 | D:1      | Gained mutation: Your demonic aura sometimes causes spilled
                  | blood to erupt in flames. [demonic ancestry]
   316 | D:1      | Reached XP level 2. HP: 19/19 MP: 0/5
  1066 | D:1      | Gained mutation: You are surrounded by a mild repulsion
                  | field. (EV +2) [demonic ancestry]
  1066 | D:1      | Reached XP level 3. HP: 25/25 MP: 4/7
  2077 | D:2      | Reached XP level 4. HP: 28/31 MP: 0/8
  2155 | D:2      | Reached skill level 5 in Necromancy
  2256 | D:2      | Found Omyes's Magic Scroll Boutique.
  2286 | D:3      | Found a glowing drain.
  2309 | Sewer    | Entered a sewer
  2438 | Sewer    | Slain by an ufetubus

Illustrated notes

Levels and vault maps discovered:
D:1:      nzn_arrival_crosshair, layout_loops_ring, minivault_25,
          minmay_misc_feat_diagonals, st_stairs_7
D:2:      layout_basic, serial_shops, shop
D:3:      layout_basic, ebering_ghost_inner_flame, cheibrodos_sewer_entry_sluice
Sewer:    kennysheep_sewer_church

Skill      XL: |  1  2  3  4 |
---------------+-------------+-----
Spellcasting   | 3 |  3.5
Dodging        | 2 |  2.0
Necromancy     | 5 |  5.1
Fighting       | |  0.8
Stealth        | |  1.9

Action                   |  1- 3 |  4- 6 || total
-------------------------+-------+-------++-------
Melee: Unarmed           |     4 |       ||     4
       Dagger            |    14 |       ||    14
       Punch             |     1 |       ||     1
       Rapier            |     6 |     7 ||    13
 Cast: Necrotise         |    69 |    23 ||    92
Armor: Robe              |     4 |     1 ||     5
Dodge: Dodged            |    24 |    12 ||    36
Block: Other             |     9 |     4 ||    13
       Reflection        |     1 |       ||     1

Table legend: (Time is in decaauts)
 A = Elapsed time spent in this place.
 B = Non-inter-level travel time spent in this place.
 C = Inter-level travel time spent in this place.
 D = Time resting spent in this place.
 E = Time spent auto-exploring this place.
 F = Levels seen in this place.
 G = Mean time per level.
                   A        B        C        D        E       F      G
               +--------+--------+--------+--------+--------+-----+--------+
         Total |   2440 |   2328 |    112 |    180 |   1784 |   4 |  610.0 |
       Dungeon |   2310 |   2198 |    112 |    130 |   1784 |   3 |  770.0 |
         Sewer |    129 |    129 |      0 |     50 |      0 |   1 |  129.0 |
               +--------+--------+--------+--------+--------+-----+--------+

Top non-repeatable levels by time:
     D:1: 1342 daAuts
     D:2: 942 daAuts
   Sewer: 129 daAuts
     D:3: 26 daAuts
